 Dungeon Crawl Stone Soup version 0.16.2-12-gd0ad4c3 (webtiles) character file.

783 Peloso the Shield-Bearer (level 7, -1/61 HPs)
             Began as a Minotaur Fighter on Oct 9, 2015.
             Killed from afar by an orc wizard (4 damage)
             ... with a puff of flame
             ... on level 5 of the Dungeon.
             The game lasted 00:14:16 (3254 turns).

Peloso the Shield-Bearer (Minotaur Fighter)         Turns: 3254, Time: 00:14:16

Health: -1/61      AC: 11    Str: 27    XL:     7   Next: 55%
Magic:  3/3        EV:  8    Int:  5    God:
Gold:   206        SH: 11    Dex: 10    Spells: 0 memorised, 6 levels left

rFire  . . .     SeeInvis .     a - +0 long sword
rCold  . . .     Clarity  .     s - +0 chain mail (curse)
rNeg   . . .     SustAb   .     c - +0 shield
rPois  .         Gourm    .     (helmet restricted)
rElec  .         Spirit   .     p - +0 cloak
rCorr  .         Warding  .     (no gloves)
rMut   .         Stasis   .     (no boots)
MR     .....                    y - amulet of rage
Stlth  ..........               (no ring)
                                (no ring)

@: mighty, lethally poisoned (-1 -> -11), starving, not resistant to hostile
enchantments, extremely unstealthy
A: retaliatory headbutt, horns 2
a: Evoke Berserk Rage


You were on level 5 of the Dungeon.
You were starving.

You visited 2 branches of the dungeon, and saw 6 of its levels.

You collected 206 gold pieces.

Inventory:

Hand weapons
 a - a +0 long sword (weapon)
Armour
 c - a +0 shield (worn)
 p - a +0 cloak (worn)
 s - a cursed +0 chain mail (worn)
Jewellery
 y - an amulet of rage (around neck)
Magical devices
 w - a wand of enslavement (9)
 z - a wand of confusion (24)
 H - a wand of slowing (19)
Scrolls
 f - 2 scrolls of enchant weapon {unknown}
 g - a scroll of magic mapping {unknown}
 j - a scroll of fear {unknown}
 k - 2 scrolls of immolation {unknown}
 l - 5 scrolls of remove curse {unknown}
 o - a scroll of blinking {unknown}
 q - a scroll of enchant armour {unknown}
 r - a scroll of fog {unknown}
 t - 2 scrolls of random uselessness {unknown}
 u - 4 scrolls of identify {unknown}
 D - 2 scrolls of recharging {unknown}
 I - a scroll of teleportation {unknown}
Potions
 h - a potion of heal wounds {unknown}
 i - 8 potions of curing {unknown}
 m - 2 potions of haste {unknown}
 n - 2 potions of poison {unknown}
 v - a potion of brilliance {unknown}
 x - a potion of lignification {unknown}
 A - a potion of degeneration {unknown}
 C - 2 potions of cancellation {unknown}
 F - a potion of resistance {unknown}
Comestibles
 d - 6 bread rations
 B - 9 chunks of flesh
 E - a beef jerky
 G - a royal jelly


   Skills:
 + Level 5.3 Fighting
 + Level 4.6 Long Blades
 + Level 5.8 Armour
 + Level 2.9 Dodging
 + Level 0.5 Stealth
 + Level 7.0 Shields


You had 6 spell levels left.
You didn't know any spells.

Dungeon Overview and Level Annotations

Branches:
Dungeon (5/15)             Temple (1/1) D:4

Altars:
Ashenzari
Cheibriados
Dithmenos
Fedhas
Gozag
Kikubaaqudgha
Nemelex Xobeh
Ru
Sif Muna
Trog
Vehumet
Xom
Yredelemnul
Zin
The Shining One


Innate Abilities, Weirdness & Mutations

You reflexively headbutt those who attack you in melee.
You have a pair of horns on your head.


Message History

The adder bites you but does no damage.
You hear some strange, mumbled words.
The magic dart hits you!
* * * LOW HITPOINT WARNING * * *
Something hits you but does no damage. The adder bites you.
* * * LOW HITPOINT WARNING * * *
You are more poisoned.
The adder poisons you!
You closely miss something. You headbutt something!
You feel sick. The adder bites you.
* * * LOW HITPOINT WARNING * * *
You are more poisoned.
The adder poisons you! Something hits you but does no damage.
Unknown command.
You closely miss something.
* * * LOW HITPOINT WARNING * * *
You feel sick.
You hear some strange, mumbled words.
The puff of flame hits you!
You die...
S...$###....######## ......# #..[......# .......# #.........# ......# #o........# .....# #....###### ....###....######## wo.

#....[........ .. #†#
#S......(..... #...####@#
#...#......... #......{S#
#...#......... #..(.....#
#...#.......[.
##.......###...#.........
#.......'...(.#.........
#.......###'###.........
........#.....##########
........#.....#
....#####.....#


You could see a worm, an adder and an orc.

Vanquished Creatures
  A sky beast (D:5)
  A centaur (D:5)
  An ogre (D:4)
  The ghost of Musteatbrain the Sneak, an average SpAs (D:3)
  Blork the orc (D:5)
  2 centaur skeletons (D:5)
  A jelly (D:5)
  A giant frog skeleton (D:4)
  An iguana (D:4)
  3 worker ants
  10 adders
  4 worms
  An adder zombie (D:5)
  3 giant geckos
  An orc (D:3)
  5 ball pythons
  14 bats
  4 giant cockroaches
  13 hobgoblins
  4 jackals (D:4)
  2 oozes
  A giant gecko skeleton (D:4)
  3 giant newts
  4 goblins
  8 kobolds
  7 rats
97 creatures vanquished.

Notes
Turn   | Place    | Note
--------------------------------------------------------------
     0 | D:1      | Peloso, the Minotaur Fighter, began the quest for the Orb.
     0 | D:1      | Reached XP level 1. HP: 19/19 MP: 1/1
   176 | D:1      | Reached skill level 4 in Shields
   384 | D:1      | Reached XP level 2. HP: 27/27 MP: 1/1
   834 | D:2      | Reached XP level 3. HP: 20/33 MP: 2/2
  1255 | D:3      | Reached skill level 1 in Dodging
  1255 | D:3      | Reached XP level 4. HP: 30/40 MP: 2/2
  1499 | D:3      | Reached skill level 5 in Shields
  1572 | D:3      | Noticed Musteatbrain's ghost (average SpAs)
  1584 | D:3      | Killed Musteatbrain's ghost
  1584 | D:3      | Reached XP level 5. HP: 46/46 MP: 2/2
  1892 | D:3      | Found an ancient bone altar of Kikubaaqudgha.
  1892 | D:3      | Found a deep blue altar of Sif Muna.
  2127 | D:4      | Found a staircase to the Ecumenical Temple.
  2136 | Temple   | Entered the Ecumenical Temple
  2249 | D:4      | Reached XP level 6. HP: 51/53 MP: 3/3
  2431 | D:4      | Reached skill level 5 in Armour
  2646 | D:4      | Reached skill level 6 in Shields
  2731 | D:4      | Noticed an ogre
  2735 | D:4      | Killed an ogre
  2913 | D:4      | Found a bloodstained altar of Trog.
  2974 | D:5      | Entered Level 5 of the Dungeon
  3060 | D:5      | Reached XP level 7. HP: 60/60 MP: 3/3
  3078 | D:5      | Noticed Blork the orc
  3086 | D:5      | Killed Blork the orc
  3086 | D:5      | Reached skill level 5 in Fighting
  3243 | D:5      | Reached skill level 7 in Shields
  3254 | D:5      | HP: 3/61 [poisoned by an adder]
  3254 | D:5      | Killed from afar by an orc wizard

Action                   |  1- 3 |  4- 6 |  7- 9 || total
-------------------------+-------+-------+-------++-------
Melee: Long sword        |    91 |   183 |    50 ||   324
  Use: Potion            |       |       |     1 ||     1
  Eat: Chunk             |       |     5 |       ||     5
       Fruit             |       |     1 |       ||     1
